 Dungeon Crawl Stone Soup version 0.24.0-123-gd5b16e6ec5 (webtiles) character file.

Game seed: 18425641821615925538, levelgen mode: deterministic

74342 Johnny the Earth Mage (level 14, -2/93 HPs)
             Began as a Demigod Earth Elementalist on Jan 27, 2020.
             Slain by a six-headed hydra (6 damage)
             ... on level 6 of the Lair of Beasts.
             The game lasted 00:41:54 (22147 turns).

Johnny the Earth Mage (Demigod Earth Elementalist) Turns: 22147, Time: 00:41:55

Health: -2/93      AC: 13    Str: 11    XL:     14   Next: 64%
Magic:  19/53      EV: 12    Int: 27    God:
Gold:   1393       SH:  6    Dex: 21    Spells: 16/43 levels left

rFire    + + .     SeeInvis .   q - staff of power
rCold    + . .     Gourm    .   S - +0 buckler {rF+}
rNeg     . . .     Faith    .   L - +3 troll leather armour
rPois    .         Spirit   .   O - +2 helmet
rElec    .         Reflect  .   T - scarf {repulsion}
rCorr    +         Harm     .   N - +1 pair of gloves {Dex+3}
MR       +....                  F - +0 pair of boots
Stlth    ++........             f - amulet "Ezoug" {RegenMP Dex+2}
HPRegen  0.65/turn              P - ring "Sozunuf" {rF+ rC+}
MPRegen  0.58/turn              v - ring of resist corrosion

@: very slightly contaminated, repel missiles
A: high mp 1
a: no special abilities


You were on level 6 of the Lair of Beasts.
You were not hungry.

You visited 3 branches of the dungeon, and saw 21 of its levels.
You also visited: Bailey, Gauntlet and Volcano.

You collected 1393 gold pieces.

Inventory:

Hand Weapons
 W - the +11 long sword of Disintegration {vamp, rF- MR+++ Int+4 SInv, unknown}
   (You found it on level 5 of the Lair of Beasts)

   It inflicts no extra harm, but heals its wielder when it wounds a living foe.
   It affects your intelligence (+4).
   It makes you vulnerable to fire.
   It affects your resistance to hostile enchantments.
   It lets you see invisible.
Missiles
 j - 87 stones (quivered)
Armour
 F - a +0 pair of boots (worn)
 L - a +3 troll leather armour (worn)
 N - a +1 pair of gloves of dexterity (worn)
 O - a +2 helmet (worn)
 Q - the +1 cloak of Gugaped {rPois Slay+2}
   (You found it on level 2 of the Lair of Beasts)

   It affects your accuracy and damage with ranged weapons and melee attacks
   (+2).
   It protects you from poison.
 S - a +0 buckler of fire resistance (worn)
 T - a scarf of repulsion (worn)
Magical Staves
 q - an uncursed staff of power (weapon)
 V - an uncursed staff of death {unknown}
Jewellery
 f - the amulet "Ezoug" (around neck) {RegenMP Dex+2}
   (You took it off a minotaur in a Gauntlet)

   [amulet of magic regeneration]

   It increases your magic regeneration.
   It affects your dexterity (+2).
 s - an uncursed ring of stealth
 v - a ring of resist corrosion (right hand)
 y - an uncursed amulet of the acrobat
 J - an uncursed ring of flight
 P - the ring "Sozunuf" (left hand) {rF+ rC+}
   (You found it in a Gauntlet)

   [ring of protection from cold]

   It protects you from fire.
   It protects you from cold.
Wands
 c - a wand of flame (65)
 G - a wand of random effects (44)
 K - a wand of digging (9)
 R - a wand of paralysis (11)
Scrolls
 e - 5 scrolls of enchant weapon
 g - a scroll of blinking
 i - 3 scrolls of fog
 n - 5 scrolls of random uselessness
 r - 8 scrolls of remove curse
 t - 4 scrolls of fear
 u - 6 scrolls of teleportation
 x - a scroll of torment
 C - 2 scrolls of noise
 M - a scroll of immolation
 U - a scroll of acquirement {unknown}
Potions
 a - a potion of ambrosia {unknown}
 b - 2 potions of berserk rage
 h - 3 potions of might
 k - 2 potions of agility
 l - 3 potions of curing
 m - a potion of mutation {unknown}
 o - 4 potions of degeneration
 p - 3 potions of resistance
 w - 3 potions of haste
 z - a potion of brilliance
 A - a potion of experience {unknown}
 B - a potion of magic {unknown}
 D - 6 potions of lignification {unknown}
 H - 3 potions of invisibility {unknown}
 I - a potion of cancellation {unknown}
Miscellaneous
 E - a phantom mirror
Comestibles
 d - 24 rations
 X - 3 chunks of flesh


   Skills:
 - Level 1.7 Dodging
 - Level 1.7 Stealth
 - Level 3.4 Shields
 + Level 15.2 Spellcasting
 + Level 3.9 Translocations
 - Level 0.8 Transmutations
 + Level 16.5 Earth Magic


You had 16 spell levels left.
You knew the following spells:

 Your Spells              Type           Power        Failure   Level  Hunger
a - Sandblast             Erth           ######       0%          1    None
b - Stone Arrow           Conj/Erth      ######       1%          3    None
c - Lee's Rapid Deconstr  Erth           #######...   1%          5    None
d - Petrify               Tmut/Erth      ######..     1%          4    None
e - Controlled Blink      Tloc           N/A          100%        8    #######
f - Statue Form           Tmut/Erth      ######...    16%         6    ####...

Your spell library contained the following spells:

 Spells                   Type           Power        Failure   Level  Hunger
 Apportation              Tloc           #####.       1%          1    None
 Passwall                 Tmut/Erth      ######..     1%          2    None
 Beastly Appendage        Tmut           ####..       2%          1    None
 Gell's Gravitas          Tloc           #####.....   2%          3    None
 Animate Skeleton         Necr           N/A          3%          1    None
 Confusing Touch          Hex            ###...       3%          1    None
 Corona                   Hex            ###....      3%          1    None
 Flame Tongue             Conj/Fire      ###..        3%          1    None
 Pain                     Necr           ###.         3%          1    None
 Summon Small Mammal      Summ           ###.         3%          1    None
 Sticks to Snakes         Tmut           ####....     3%          2    None
 Portal Projectile        Hex/Tloc       ####..       4%          3    None
 Ensorcelled Hibernation  Hex/Ice        ###...       5%          2    None
 Spider Form              Tmut/Pois      ###.......   9%          3    None
 Confuse                  Hex            ###.....     11%         3    None
 Dazzling Spray           Conj/Hex       ###...       11%         3    None
 Regeneration             Chrm/Necr      ###.......   11%         3    None
 Tukima's Dance           Hex            ###.....     11%         3    None
 Vampiric Draining        Necr           ###.......   11%         3    None
 Force Lance              Conj/Tloc      ####....     16%         4    None
 Ice Form                 Ice/Tmut       ###.....     30%         4    None
 Animate Dead             Necr           N/A          34%         4    None
 Cause Fear               Hex            ###.......   34%         4    None
 Blade Hands              Tmut           ####......   56%         5    None
 Irradiate                Conj/Tmut      ###.......   63%         5    None
 Metabolic Englaciation   Hex/Ice        ###.......   69%         5    None
 Dispersal                Tloc           #####.....   73%         6    ####...
 Hydra Form               Tmut           ####......   98%         6    ####...
 Bolt of Cold             Conj/Ice       ###.......   99%         6    ####...
 Bolt of Fire             Conj/Fire      ###.......   99%         6    ####...
 Freezing Cloud           Conj/Ice/Air   ###.......   99%         6    ####...
 Ozocubu's Refrigeration  Ice            ###.......   99%         6    ####...
 Simulacrum               Ice/Necr       ###.......   99%         6    ####...
 Dragon Form              Tmut           ####......   100%        7    #####..
 Disjunction              Tloc           #####.....   100%        8    #######
 Dragon's Call            Summ           ###.......   100%        9    #######


Dungeon Overview and Level Annotations

Branches:
Dungeon (14/15)            Temple (1/1) D:5            Lair (6/6) D:9
  Swamp (0/4) Lair:3        Snake (0/4) Lair:3          Orc (0/2) D:10
 Vaults (0/5) D:14         Bailey (visited)         Volcano (visited)
Gauntlet (visited)
  Slime: Lair:5-6

Shops:
D:4 *   D:9 [   D:12 *   D:14 (


Innate Abilities, Weirdness & Mutations

You have an increased reservoir of magic. (+10% MP)


Message History

Press: ? - help, Shift-Dir - straight line, f - blink frog
Aim: a blink frog The stone arrow misses the blink frog.
The six-headed hydra bites you.
The six-headed hydra bites you but does no damage. x2
The six-headed hydra bites you!
* * * LOW HITPOINT WARNING * * *
The six-headed hydra bites you!
* * * LOW HITPOINT WARNING * * *
The six-headed hydra closely misses you.
The blink frog hits you but does no damage.
Casting: Stone Arrow (safe; 1% risk of failure)
Confirm with . or Enter, or press ? or * to list all spells.
Aiming: Stone Arrow (safe; 1% risk of failure)
Press: ? - help, Shift-Dir - straight line, f/p - blink frog
Aim: a blink frog The stone arrow misses the blink frog.
The blink frog misses you. The six-headed hydra bites you!
* * * LOW HITPOINT WARNING * * *
The six-headed hydra bites you.
You die...

........# #PP.....#
#......## #.......##
.##........#
...........#
#.........##
.#..........#
#...§..@F...##
##....D†F....#
#............#
.............##
..............## ######
...............###....##
.......................#
.......######...........
.## #P......#.#..


You could see a six-headed hydra and 2 blink frogs.

Vanquished Creatures
  Rupert (D:14)
  Gastronok (D:8)
  Nessos (D:14)
  A red draconian (Volcano)
  A minotaur (Gauntlet)
  Snorg (D:11)
  Erolcha (D:12)
  Harold (D:11)
  4 hydras
  4 centaur warriors
  Erica (D:11)
  A catoblepas (Lair:2)
  Urug (D:11)
  2 tengu warriors (D:13)
  4 two-headed ogres
  4 death yaks (Lair:2)
  Sonja (D:12)
  A deep elf knight (D:14)
  A salamander mystic (Volcano)
  5 ugly things (D:14)
  5 orc knights
  2 manticores (D:14)
  A deep elf mage (D:12)
  3 oklob plants (Lair:4)
  A moth of wrath (Gauntlet)
  A cyclops (D:14)
  2 large abominations (Gauntlet)
  2 black mambas
  4 salamanders (Volcano)
  10 elephants
  Maurice (D:12)
  A torpor snail (Lair:4)
  2 molten gargoyles (Volcano)
  2 gargoyles
  9 spiny frogs
  4 komodo dragons
  A rime drake (Lair:5)
  5 trolls
  A polar bear (Lair:6)
  A queen bee (Gauntlet)
  Prince Ribbit (D:6)
  5 slime creatures
  15 blink frogs
  7 hippogriffs
  A shadow (D:11)
  A tarantella (shapeshifter) (D:13)
  2 wyverns
  2 wraiths
  Eustachio (D:6)
  38 yaks
  2 fire bats (Volcano)
  Grum (D:8)
  2 steam dragons
  6 basilisks
  16 humans (D:14)
  4 vampire mosquitoes (Lair:3)
  2 hungry ghosts
  3 nagas (Lair:3)
  2 soldier ants (D:12)
  13 water moccasins
  11 orc warriors
  8 porcupines
  A black bear (D:6)
  2 eyes of draining
  2 ice beasts
  5 sky beasts
  2 phantoms
  6 ogres
  19 wolves
  6 centaurs
  9 crocodiles
  3 big kobolds
  Blork the orc (D:6)
  19 bullfrogs
  6 small abominations (Gauntlet)
  5 scorpions
  14 killer bees
  5 wights (D:11)
  4 electric eels
  2 howler monkeys (D:5)
  A crimson imp (D:12)
  7 lava snakes (Volcano)
  2 bullfrog zombies
  5 jellies
  A quasit (D:12)
  2 centaur zombies
  10 orc priests
  8 hounds
  4 bullfrog skeletons
  12 orc wizards
  3 centaur skeletons
  3 iguanas
  Crazy Yiuf (D:2)
  Ijyb (D:3)
  Terence (D:3)
  5 worker ants
  A hound zombie (D:5)
  Robin (D:2)
  A howler monkey skeleton (D:6)
  8 adders
  2 shadow imps
  An adder skeleton (D:9)
  3 worms
  A dart slug (D:2)
  2 leopard geckos
  54 orcs
  A ball python (D:1)
  7 bats
  7 giant cockroaches
  20 goblins
  13 hobgoblins
  3 jackals (D:1)
  4 quokkas
  4 frilled lizards
  A jackal skeleton (D:7)
  33 kobolds
  A quokka skeleton (D:5)
  A quokka zombie (D:5)
  7 rats
  A fungus (Lair:3)
  A plant (Lair:3)
593 creatures vanquished.

Vanquished Creatures (others)
  14 demonic plants (Gauntlet)
  3 fungi
  A plant (Lair:4)
  4 withered plants (Gauntlet)
22 creatures vanquished.

Grand Total: 615 creatures vanquished

Notes
Turn   | Place    | Note
-------+----------+-------------------------------------------
     0 | D:1      | Johnny the Demigod Earth Elementalist began the quest for
                  | the Orb.
     0 | D:1      | Reached XP level 1. HP: 14/14 MP: 5/5
   121 | D:1      | Reached skill level 3 in Earth Magic
   124 | D:1      | Reached XP level 2. HP: 19/20 MP: 0/7
   859 | D:2      | Reached XP level 3. HP: 26/26 MP: 6/9
  1001 | D:2      | Found a basalt altar of Yredelemnul.
  1032 | D:2      | Found a runed translucent door.
  1033 | D:2      | Noticed Crazy Yiuf
  1068 | D:2      | Noticed Robin
  1082 | D:2      | Found a radiant altar of Vehumet.
  1125 | D:2      | Killed Robin
  1125 | D:2      | Reached XP level 4. HP: 27/33 MP: 0/11
  1384 | D:2      | Found a faded altar of an unknown god.
  1387 | D:2      | Reached skill level 4 in Earth Magic
  1538 | D:2      | Killed Crazy Yiuf
  1763 | D:3      | Found a sparkling altar of Nemelex Xobeh.
  1844 | D:3      | Noticed Ijyb
  1855 | D:3      | Killed Ijyb
  1855 | D:3      | Reached XP level 5. HP: 36/38 MP: 4/13
  2010 | D:3      | Noticed Terence
  2017 | D:3      | Killed Terence
  2233 | D:3      | Learned a level 3 spell: Stone Arrow
  2737 | D:4      | Found a stormy altar of Qazlal.
  3149 | D:4      | Found Syta's Assorted Antiques.
  3270 | D:4      | Found a snail-covered altar of Cheibriados.
  3334 | D:5      | Entered Level 5 of the Dungeon
  3334 | D:5      | Found a staircase to the Ecumenical Temple.
  3376 | D:5      | Reached XP level 6. HP: 25/45 MP: 12/15
  3467 | D:5      | Found an ancient bone altar of Kikubaaqudgha.
  3536 | D:5      | Reached skill level 5 in Earth Magic
  3803 | D:5      | Found an opulent altar of Gozag.
  3911 | Temple   | Entered the Ecumenical Temple
  3930 | D:6      | Noticed Eustachio
  3940 | D:6      | Killed Eustachio
  3940 | D:6      | Reached XP level 7. HP: 45/50 MP: 10/17
  4016 | D:6      | Reached skill level 5 in Spellcasting
  4053 | D:6      | Reached skill level 6 in Earth Magic
  4384 | D:7      | Learned a level 4 spell: Petrify
  4518 | D:7      | Found a shattered altar of Ashenzari.
  4612 | D:7      | Reached skill level 7 in Earth Magic
  4612 | D:7      | Reached XP level 8. HP: 54/57 MP: 4/20
  5099 | D:7      | Found a sacrificial altar of Ru.
  5099 | D:7      | Found a glowing silver altar of Zin.
  5279 | D:7      | Learned a level 5 spell: Lee's Rapid Deconstruction
  5577 | D:6      | Noticed Prince Ribbit
  5580 | D:6      | Killed Prince Ribbit
  5580 | D:6      | Reached skill level 8 in Earth Magic
  5603 | D:6      | Found a burning altar of Makhleb.
  5769 | D:6      | Reached XP level 9. HP: 50/62 MP: 16/24
  5879 | D:6      | Noticed Blork the orc
  5889 | D:6      | Killed Blork the orc
  6623 | D:8      | Noticed Grum
  6623 | D:8      | Noticed Gastronok
  6628 | D:8      | Killed Grum
  6628 | D:8      | Reached skill level 9 in Earth Magic
  7132 | D:8      | Noticed a two-headed ogre
  7135 | D:8      | Killed a two-headed ogre
  7251 | D:8      | Killed Gastronok
  7251 | D:8      | Reached skill level 10 in Earth Magic
  7251 | D:8      | Reached XP level 10. HP: 45/69 MP: 1/27
  7582 | D:9      | Found a staircase to the Lair.
  7956 | D:9      | Found Kuloy's Armour Shoppe.
  8291 | D:10     | Entered Level 10 of the Dungeon
  8308 | D:10     | Noticed a two-headed ogre
  8316 | D:10     | Reached skill level 10 in Spellcasting
  8316 | D:10     | Reached skill level 11 in Earth Magic
  8316 | D:10     | Killed a two-headed ogre
  8970 | D:10     | Reached XP level 11. HP: 74/74 MP: 30/30
  9046 | D:10     | Found a staircase to the Orcish Mines.
  9335 | D:11     | Noticed Urug
  9340 | D:11     | Killed Urug
  9482 | D:11     | Noticed Snorg
  9491 | D:11     | Killed Snorg
  9491 | D:11     | Reached skill level 12 in Earth Magic
  9655 | D:11     | Noticed Erica
  9659 | D:11     | Killed Erica
  9932 | D:11     | Noticed Harold
  9944 | D:11     | Killed Harold
 10435 | D:12     | Found Tohuf's Assorted Antiques.
 10437 | D:12     | Noticed a four-headed hydra
 10445 | D:12     | Killed a four-headed hydra
 10564 | D:12     | Noticed Sonja
 10573 | D:12     | Killed Sonja
 10665 | D:12     | Noticed a two-headed ogre
 10670 | D:12     | Killed a two-headed ogre
 10728 | D:12     | Reached skill level 13 in Earth Magic
 10810 | D:12     | Found a flagged portal.
 10815 | Bailey   | Entered a bailey
 10821 | Bailey   | Noticed an orc knight
 10830 | Bailey   | Noticed an orc knight
 10918 | Bailey   | Noticed an orc knight
 10972 | Bailey   | Killed an orc knight
 11092 | Bailey   | Killed an orc knight
 11092 | Bailey   | Reached XP level 12. HP: 75/81 MP: 29/32
 11673 | D:12     | Noticed Erolcha
 11697 | D:12     | Killed Erolcha
 11716 | D:12     | Noticed Maurice
 11720 | D:12     | Killed Maurice
 12127 | D:13     | Noticed a centaur warrior
 12131 | D:13     | Killed a centaur warrior
 12154 | D:13     | Noticed a seven-headed hydra
 12157 | D:13     | Killed a seven-headed hydra
 12396 | D:13     | Noticed a centaur warrior
 12397 | D:13     | Noticed a centaur warrior
 12398 | D:13     | Killed a centaur warrior
 12404 | D:13     | Killed a centaur warrior
 12408 | D:13     | Reached skill level 14 in Earth Magic
 13493 | D:14     | Found a gate to the Vaults.
 13494 | D:14     | Noticed Nessos
 13503 | D:14     | Noticed a centaur warrior
 13504 | D:14     | Killed Nessos
 13505 | D:14     | Reached XP level 13. HP: 65/86 MP: 0/35
 13806 | D:14     | Found a glowing silver altar of Zin.
 13807 | D:14     | Noticed an angel
 13893 | D:14     | Noticed Rupert
 14000 | D:14     | Killed Rupert
 14207 | D:14     | Reached skill level 15 in Earth Magic
 14749 | D:14     | Found Astratap's Antique Weapon Shop.
 14998 | Lair:1   | Entered Level 1 of the Lair of Beasts
 15739 | Lair:2   | Found a dark tunnel.
 15747 | Volcano  | Entered a volcano
 16284 | Volcano  | Found a burning altar of Makhleb.
 16290 | Volcano  | Noticed a red draconian
 16301 | Volcano  | Killed a red draconian
 17667 | Lair:3   | Found a staircase to the Swamp.
 17755 | Lair:3   | Found a staircase to the Snake Pit.
 17798 | Lair:3   | Reached XP level 14. HP: 69/93 MP: 33/37
 17939 | Lair:3   | Found a gate leading to a gauntlet.
 17950 | Gauntlet | Entered a Gauntlet
 17950 | Gauntlet | Found a transporter.
 17950 | Gauntlet | Found a transporter.
 18026 | Gauntlet | Found a transporter.
 18026 | Gauntlet | Found a transporter.
 18028 | Gauntlet | Found a large runed translucent door.
 18029 | Gauntlet | Found a large runed translucent door.
 18030 | Gauntlet | Found a large runed translucent door.
 18030 | Gauntlet | Found a large runed translucent door.
 18030 | Gauntlet | Found a runed translucent door.
 18030 | Gauntlet | Found a runed translucent door.
 18031 | Gauntlet | Found a large runed translucent door.
 18031 | Gauntlet | Found a large runed translucent door.
 18031 | Gauntlet | Found a large runed translucent door.
 18031 | Gauntlet | Found a large runed translucent door.
 18032 | Gauntlet | Found a large runed translucent door.
 18033 | Gauntlet | Found a large runed translucent door.
 18038 | Gauntlet | Found a large runed translucent door.
 18038 | Gauntlet | Found a large runed translucent door.
 18039 | Gauntlet | Found a large runed translucent door.
 18039 | Gauntlet | Found a large runed translucent door.
 18039 | Gauntlet | Found a large runed translucent door.
 18039 | Gauntlet | Found a large runed translucent door.
 18042 | Gauntlet | Found a runed translucent gate.
 18042 | Gauntlet | Found a runed translucent gate.
 18042 | Gauntlet | Found a runed translucent gate.
 18044 | Gauntlet | Found a transporter.
 18052 | Gauntlet | Found a transporter.
 18054 | Gauntlet | Found a transporter.
 18054 | Gauntlet | Found a transporter.
 18058 | Gauntlet | Found a transporter.
 18092 | Gauntlet | Found a transporter.
 18110 | Gauntlet | Found a transporter.
 18145 | Gauntlet | Found a transporter.
 18155 | Gauntlet | Found a transporter.
 18171 | Gauntlet | Found a transporter.
 18270 | Gauntlet | Found a transporter.
 18284 | Gauntlet | Found a transporter.
 18375 | Gauntlet | Reached skill level 16 in Earth Magic
 18672 | Gauntlet | Got a scorched glass ring
 18674 | Gauntlet | Identified the ring "Sozunuf" {rF+ rC+} (You found it in a
                  | Gauntlet)
 18786 | Gauntlet | Identified the +3 arbalest "Widowmaker" {penet, Str+6 Int+3
                  | Dex-2}
 18786 | Gauntlet | Identified the amulet "Ezoug" {RegenMP Dex+2}
 18870 | Gauntlet | Found the +5 robe of Misfortune {*Contam Harm *Corrode
                  | *Drain *Slow EV+5}
 18905 | Lair:3   | Learned a level 8 spell: Controlled Blink
 18912 | Lair:3   | Learned a level 6 spell: Statue Form
 19256 | Lair:3   | Reached skill level 1 in Shields
 19437 | Lair:3   | Reached skill level 1 in Translocations
 19832 | Lair:4   | Got a pair of distressingly furry gloves
 19843 | Lair:4   | Identified the cursed -6 pair of gloves of Articulation
                  | {Dex+4} (You found it on level 4 of the Lair of Beasts)
 20023 | Lair:4   | Reached skill level 15 in Spellcasting
 20566 | Lair:4   | Found a sacrificial altar of Ru.
 20797 | Lair:2   | Got a twisted cloak
 20809 | Lair:2   | Identified the +1 cloak of Gugaped {rPois Slay+2} (You
                  | found it on level 2 of the Lair of Beasts)
 21899 | Lair:5   | Got an ancient long sword
 21916 | Lair:6   | Entered Level 6 of the Lair of Beasts
 22147 | Lair:6   | HP: 4/93 [six-headed hydra (9)]
 22147 | Lair:6   | Slain by a six-headed hydra

Levels and vault maps discovered:
D:1:      nzn_arrival_water_spiral, layout_basic, minmay_shallow_snake_nest
D:2:      layout_rooms, yredelemnul_altar_generic, lemuel_doored_altar,
          chequers_ecumenical_altar_simple_redux, first_ration, uniq_robin,
          uniq_crazy_yiuf_cottage
D:3:      layout_loops_corners, nemelex_xobeh_ov_fountains_minmay, uniq_terence,
          uniq_ijyb
D:4:      layout_loops_cross, lemuel_round_altar,
          nicolae_qazlal_general_emergency, serial_shops, kennysheep_little_box
D:5:      layout_loops_ring, overflow_temple_1_default, lemuel_crystal_altar,
          temple_statues, solitary_fountain
D:6:      layout_rooms, lemuel_round_altar, uniq_blork_the_orc, uniq_eustachio,
          uniq_prince_ribbit1
D:7:      layout_basic, cheibrodos_ashenzari_chains,
          gammafunk_temple_overflow_wave
D:8:      layout_basic, uniq_grum, uniq_gastronok
D:9:      layout_gridville, david_lair_generic, serial_shops, shop
D:10:     layout_roguey, orc_0_dummy
D:11:     layout_stronghold, grunt_pizzeria, uniq_snorg, uniq_erica,
          uniq_harold, uniq_urug
D:12:     layout_gridville, enter_bailey_3, serial_shops, shop, uniq_sonja,
          uniq_erolcha, uniq_maurice
D:13:     layout_roguey
D:14:     layout_loops_ring, david_vaults_3, zin_angel, serial_shops, shop
Temple:   kb_corrupted_temple
Lair:1:   layout_hall_layers
Lair:2:   layout_regular_city, nicolae_volcano_entry_lava_flow
Lair:3:   layout_cave_pods, minmay_swamp_entry_swarm,
          guppyfry_snake_entry_island, gauntlet_entry_generic, minmay_holes,
          lemuel_fruit_fields
Lair:4:   layout_small_grid, basic_altar, grunt_megastairs_3,
          infiniplex_staircase_pool_2, serial_bayou_shore_a,
          minmay_lair_oklob_chamber, uniq_nessos
Lair:5:   layout_regular_city, beast_lair_carwin_9
Lair:6:   cheibrodos_lair_end_hotspot, layout_regular_city,
          dpeg_slime_entry_corner

Skill      XL: |  1  2  3  4  5  6  7  8  9 10 11 12 13 14 |
---------------+-------------------------------------------+-----
Spellcasting   | 2 3 4 6 7 9 10 12 13 14 15 | 15.2
Earth Magic    | 3 4 5 7 8 10 11 13 14 15 16 | 16.5
Shields        | 3 |  3.4
Translocations | 3 |  3.9
Dodging        | |  1.7
Stealth        | |  1.7
Transmutations | |  0.8

Action                   |  1- 3 |  4- 6 |  7- 9 | 10-12 | 13-15 || total
-------------------------+-------+-------+-------+-------+-------++-------
Melee: Unarmed           |    29 |    36 |       |       |       ||    65
       Staff             |       |       |    16 |    23 |     6 ||    45
Throw: Stone             |     1 |       |       |       |       ||     1
 Cast: Sandblast         |    59 |    84 |    72 |   147 |    87 ||   449
       Stone Arrow       |       |       |    42 |    55 |   229 ||   326
       Lee's Rapid Decon |       |       |    29 |   140 |   139 ||   308
       Petrify           |       |       |     1 |    21 |     4 ||    26
Evoke: Wand              |       |       |     2 |     4 |     8 ||    14
       Phantom mirror    |       |       |       |     1 |       ||     1
  Use: Scroll            |       |     1 |     4 |    12 |    17 ||    34
       Potion            |       |       |     2 |     2 |     7 ||    11
 Stab: Sleeping          |     1 |     4 |       |       |       ||     5
       Distracted        |     1 |       |       |       |       ||     1
  Eat: Chunk             |     1 |     8 |    18 |    28 |    21 ||    76
       Ration            |       |       |       |     1 |     2 ||     3
Armor: Robe              |     9 |    11 |    17 |    26 |       ||    63
       Troll leather arm |       |       |       |    60 |   113 ||   173
Dodge: Dodged            |    47 |    36 |    39 |   108 |   153 ||   383
       Deflected         |       |       |       |       |     3 ||     3
Block: Buckler           |       |       |       |       |    26 ||    26
